AoeStats
← DS_Rodrixs

Arabian Desert

516444416Analyzed
1v1 RM · 11d ago on Oct 26, 2026· 24m 45s· 2 players
Game mode
Random Map
Map size
Tiny (2 player)
Population
200
Speed
Normal
Resources
Standard
Victory
Conquest
Starting age
Dark Age
Ending age
Imperial Age
RankedLock teamsTeams togetherTeam positionsShared explorationLock speedFull tech treeHidden civsTurbo modeCheats
Victory
Defeat
🇨🇴 Turks · Colombia
2332
+27
vs
🇦🇷 Ethiopians · Argentina
2613
-27
DS_Rodrixs
5:49 Loom
8:47 Feudal Age
8:59 Man-at-Arms
9:27 Double-Bit Axe
16:41 Fletching
21:45 Horse Collar
23:37 Scale Barding Armor
nW | Manuel
6:10 Loom
8:50 Feudal Age
9:24 Double-Bit Axe
19:28 Fletching
23:21 Padded Archer Armor
Connection lost

Rejoining the realm…

Still unreachable

The connection could not be restored.

Session expired

The server has moved on; the page needs a fresh start.